 Dungeon Crawl Stone Soup version 0.17.1-2-g5865329 (webtiles) character file.

64838 ballsack the Scorcher (level 15, -8/99 HPs)
             Began as an Octopode Conjurer on Mar 3, 2016.
             Was a High Priest of Vehumet.
             Mangled by an ogre
             ... wielding a +0 giant spiked club
              (20 damage)
             ... on level 3 of the Orcish Mines.
             The game lasted 02:25:28 (28525 turns).

ballsack the Scorcher (Octopode Conjurer)          Turns: 28525, Time: 02:25:30

Health: -8/99      AC:  6    Str:  9    XL:     15   Next: 14%
Magic:  29/29      EV: 12    Int: 26    God:    Vehumet [*****.]
Gold:   1651       SH:  7    Dex: 12    Spells: 5 memorised, 15 levels left

rFire  + + .     SeeInvis +     u - staff of fire
rCold  . . .     Clarity  .     k - +2 buckler {AC+3}
rNeg   + . .     SustAt   +     L - +2 hat
rPois  +         Gourm    .     d - amulet of regeneration
rElec  .         Spirit   .     i - +3 ring of intelligence
rCorr  .         Warding  .     C - ring of positive energy
rMut   .         Stasis   .     I - ring of ice
MR     +....                    J - ring of fire
Stlth  +++.......               g - ring of poison resistance
                                A - ring of see invisible
                                X - ring of sustain attributes
                                R - ring of wizardry

@: somewhat resistant to hostile enchantments, fairly stealthy
A: almost no armour, amphibious, 8 rings, constrict 8, camouflage 1, fire
resistance 1, gelatinous body 1
a: Renounce Religion


You were on level 3 of the Orcish Mines.
You worshipped Vehumet.
Vehumet was extremely pleased with you.
You were not hungry.

You visited 4 branches of the dungeon, and saw 23 of its levels.
You also visited: Labyrinth and Ossuary.

You collected 2630 gold pieces.
You spent 979 gold pieces at shops.

Inventory:

Hand Weapons
 v - a +3 dagger of venom
Armour
 k - a +2 buckler of protection (worn)
 L - a +2 hat (worn)
Magical Staves
 u - an uncursed staff of fire (weapon)
Jewellery
 d - an amulet of regeneration (around mantle)
 f - an uncursed ring of flight
 g - a ring of poison resistance (on tentacle)
 i - a +3 ring of intelligence (left tentacle)
 A - a ring of see invisible (on tentacle)
 C - a ring of positive energy (right tentacle)
 I - a ring of ice (on tentacle)
 J - a ring of fire (on tentacle)
 R - a ring of wizardry (on tentacle)
 X - a ring of sustain attributes (on tentacle)
Wands
 a - a wand of digging (18)
 n - a wand of paralysis (8)
 p - a wand of fire (3)
 F - a wand of heal wounds (5)
Scrolls
 l - a scroll of identify
 m - 7 scrolls of remove curse
 o - 4 scrolls of magic mapping
 s - 3 scrolls of fog
 x - 7 scrolls of teleportation
 z - 2 scrolls of amnesia
 B - a scroll of silence
 P - a scroll of vulnerability
 Q - a scroll of summoning
Potions
 c - 3 potions of heal wounds
 e - 7 potions of curing
 h - 5 potions of magic
 r - 2 potions of brilliance
 w - 2 potions of flight
 D - 3 potions of cancellation
 H - 4 potions of haste
 K - 4 potions of resistance
 N - 2 potions of agility
 O - 2 potions of might
Comestibles
 b - 16 bread rations
 j - 8 meat rations
 q - 3 fruits
 t - 15 royal jellies
 E - 2 chunks of flesh


   Skills:
 - Level 8.0 Fighting
 - Level 2.0 Dodging
 - Level 2.6 Stealth
 - Level 5.1 Shields
 + Level 10.6 Spellcasting
 - Level 13.6 Conjurations
 - Level 8.2 Charms
 * Level 15.0 Fire Magic


You had 15 spell levels left.
You knew the following spells:

 Your Spells              Type           Power        Failure   Level  Hunger
a - Magic Dart            Conj           ####         0%          1    None
b - Iskenderun's Battles  Conj/Chrm      ######..     1%          5    ####...
c - Iskenderun's Mystic   Conj           ######..     1%          4    None
d - Fireball              Conj/Fire      #######...   1%          5    ####...
e - Bolt of Draining      Conj/Necr      #####.....   1%          5    ####...


Dungeon Overview and Level Annotations

Branches:
Dungeon (10/15)            Temple (1/1) D:7            Lair (8/8) D:9
 Shoals (0/4) Lair:5        Snake (0/4) Lair:3        Slime (0/6) Lair:6
    Orc (4/4) D:10            Elf (0/3) Orc:4

Altars:
Ashenzari
Cheibriados
Dithmenos
Elyvilon
Fedhas
Gozag
Kikubaaqudgha
Makhleb
Nemelex Xobeh
Okawaru
Qazlal
Ru
Sif Muna
Trog
Vehumet
Xom
Yredelemnul
Zin
The Shining One
Beogh

Shops:
Orc:1 !?:   Orc:2 !   Orc:4 *[[


Innate Abilities, Weirdness & Mutations

You cannot wear most types of armour.
You are amphibious.
You can wear up to eight rings at the same time.
You can use your tentacles to constrict eight enemies at once.
Your skin changes colour to match your surroundings (Stealth).
Your rubbery body absorbs attacks (AC +1).
Your flesh is heat resistant.


Message History

The ogre mage shouts!
The ogre hits you with a giant club!
The ogre hits you with a giant spiked club!!
You block the two-headed ogre's attack. The two-headed ogre misses you.
The ogre mage casts a spell.
The ogre mage seems to speed up.
There is a stone staircase leading up, spattered with blood here.
The ogre closely misses you. The ogre barely misses you.
The two-headed ogre hits you with a giant spiked club!!
The two-headed ogre barely misses you. The ogre hits you with a giant club!
* * * LOW HITPOINT WARNING * * *
You climb upwards.
There is a stone staircase leading down here.
You hit the ogre. You burn the ogre! You squeeze the ogre.
The ogre is heavily wounded.
The ogre hits you with a giant club!!
* * * LOW HITPOINT WARNING * * *
The ogre barely misses you.
The ogre hits you with a giant spiked club!!
You die...

#.........#.......##...####
##.....................##>##
##........................######
##........_.........[....##.#.#
##.##.....[[.[..........#.....
#.................)........#..
##....................#.......
###.#..[......O....[.......#..
##.#.)).#....<@O...[[.......#..
##..)[<...#...OO.....[....#...#.
##.#....#.#...............#...#.#
#....#.###..........)............
#.)...## ##...[.............#....
#....## ##.....).........#.......
...### ##.#...#..[#.......#....#.
....# #.......[[.....##.###....#
.#.## ##.....#........#####...##


You could see a two-headed ogre and 3 ogres.

Vanquished Creatures
  A minotaur (Lab)
  6 hydras
  The ghost of tijit the Nimble, a journeyman TeFE of Vehumet (Lair:1)
  An ogre mage (Orc:4)
  2 catoblepae
  3 death yaks
  Pikel (D:6)
  2 orc sorcerers
  A manticore (Lair:5)
  2 oklob plants (Lair:6)
  2 wolf spiders (Lair:8)
  A griffon (Lair:5)
  A cyclops (D:10)
  12 black mambas
  A guardian serpent (Lair:8)
  Maurice (D:8)
  19 elephants
  2 torpor snails
  20 spiny frogs
  2 fire drakes
  7 komodo dragons
  11 blink frogs
  4 trolls
  The ghost of mdmota the Covert, a novice SpEn of Fedhas (D:8)
  A queen bee (Lair:1)
  Grinder (D:5)
  A minotaur skeleton (Lab)
  6 two-headed ogres (Orc:4)
  A redback (Lair:8)
  A shadow (D:10)
  38 yaks
  5 basilisks
  2 wyverns
  6 hungry ghosts
  8 hippogriffs
  A human (D:10)
  A mottled dragon (Lair:4)
  15 wolves
  2 steam dragons
  4 nagas (Lair:3)
  3 wargs
  13 orc warriors
  10 porcupines
  2 swamp drakes (Lair:4)
  22 water moccasins
  2 ice beasts
  5 spiders
  17 ogres
  2 sky beasts
  A slave (D:6)
  A phantom (D:9)
  A necrophage (D:10)
  3 wasps
  2 elf zombies (D:7)
  3 centaurs
  9 giant frogs
  10 crocodiles
  A gnoll sergeant (D:10)
  A wyvern skeleton (D:7)
  3 elf skeletons (D:7)
  5 scorpions
  25 killer bees (Lair:1)
  An electric eel (D:9)
  8 bog bodies (Ossuary)
  A human zombie (D:7)
  4 crimson imps
  3 giant frog zombies
  11 hounds
  11 iguanas
  The ghost of mdmota the Sneak, a weakling SpEn (D:5)
  A giant frog skeleton (D:5)
  28 orc priests
  A jelly (D:10)
  2 centaur skeletons
  26 orc wizards
  9 worker ants
  4 centaur zombies
  A quasit (D:9)
  A killer bee zombie (Ossuary)
  3 human skeletons (D:7)
  8 sheep
  3 hound zombies
  3 worker ant zombies (Ossuary)
  6 mummies (Ossuary)
  12 gnolls
  20 adders
  98 river rats
  5 shadow imps
  2 oozes
  An adder skeleton (D:4)
  2 adder zombies
  3 worms
  5 giant geckos
  183 orcs
  7 giant cockroaches
  6 hobgoblins
  4 jackals
  2 quokkas
  2 ball pythons
  7 bats (D:1)
  A giant gecko zombie (Ossuary)
  A giant newt (D:1)
  5 goblins
  A jackal zombie (Ossuary)
  6 kobolds
  2 orc skeletons (D:7)
  7 rats
856 creatures vanquished.

Vanquished Creatures (others)
  5 bushes (Lair:8)
  41 fungi
  30 plants
76 creatures vanquished.

Grand Total: 932 creatures vanquished

Notes
Turn   | Place    | Note
--------------------------------------------------------------
     0 | D:1      | ballsack the Octopode Conjurer began the quest for the Orb.
     0 | D:1      | Reached XP level 1. HP: 11/11 MP: 3/3
   438 | D:1      | Reached XP level 2. HP: 17/17 MP: 5/5
  1109 | D:2      | Reached XP level 3. HP: 21/21 MP: 1/6
  1401 | D:2      | Reached skill level 5 in Conjurations
  1499 | D:2      | Reached XP level 4. HP: 27/27 MP: 3/7
  2980 | D:3      | Learned a level 4 spell: Iskenderun's Mystic Blast
  3056 | D:4      | Reached XP level 5. HP: 31/31 MP: 9/9
  3194 | D:4      | Found a bloodstained altar of Trog.
  3231 | D:4      | Reached skill level 6 in Conjurations
  3571 | D:4      | Reached XP level 6. HP: 10/36 MP: 8/11
  3835 | D:4      | Learned a level 5 spell: Iskenderun's Battlesphere
  3865 | D:5      | Entered Level 5 of the Dungeon
  3865 | D:5      | Found a blossoming altar of Fedhas.
  3964 | D:4      | Reached skill level 1 in Charms
  3970 | D:4      | Gained mutation: You are partially covered in large bone plates (AC +2, SH +2). [mutagenic meat]
  3971 | D:4      | Gained mutation: You are frail (-10% HP). [mutagenic meat]
  3972 | D:4      | Gained mutation: You occasionally shout uncontrollably at your foes. [mutagenic meat]
  3973 | D:4      | Gained mutation: Your flesh is heat resistant. [mutagenic meat]
  3974 | D:4      | Gained mutation: You possess an exceptional clarity of mind. [mutagenic meat]
  3979 | D:4      | Gained mutation: Your flesh is cold resistant. [potion of mutation]
  3979 | D:4      | Lost mutation: You occasionally shout uncontrollably at your foes. [potion of mutation]
  4096 | D:5      | Reached skill level 7 in Conjurations
  4096 | D:5      | Reached XP level 7. HP: 36/36 MP: 3/13
  4114 | D:5      | Noticed mdmota's ghost (weakling SpEn)
  4226 | D:5      | Killed mdmota's ghost
  4440 | D:5      | Reached skill level 1 in Fighting
  4568 | D:5      | Noticed Grinder
  4583 | D:5      | Killed Grinder
  4583 | D:5      | Reached XP level 8. HP: 16/44 MP: 9/15
  4677 | D:5      | Reached skill level 5 in Spellcasting
  6139 | D:6      | Noticed Pikel
  6152 | D:6      | Killed Pikel
  6152 | D:6      | Reached skill level 8 in Conjurations
  6152 | D:6      | Reached XP level 9. HP: 43/51 MP: 1/18
  6685 | D:7      | Found a sand-covered staircase.
  6704 | Ossuary  | Entered an ossuary
  7413 | D:7      | Reached skill level 5 in Charms
  7553 | D:7      | Reached skill level 5 in Fighting
  7681 | D:7      | Found a staircase to the Ecumenical Temple.
  7797 | Temple   | Entered the Ecumenical Temple
  7854 | Temple   | Became a worshipper of Vehumet
  8322 | D:8      | Reached XP level 10. HP: 59/59 MP: 12/22
  8328 | D:8      | Noticed Maurice
  8333 | D:8      | Killed Maurice
  8729 | D:8      | Noticed mdmota's ghost (novice SpEn)
  8732 | D:8      | Killed mdmota's ghost
  8732 | D:8      | Reached skill level 9 in Conjurations
  8774 | D:8      | Reached * piety under Vehumet
  8774 | D:8      | Offered knowledge of Freeze by Vehumet.
  9544 | D:9      | Found a staircase to the Lair.
 10437 | Lair:1   | Entered Level 1 of the Lair of Beasts
 10473 | Lair:1   | Reached ** piety under Vehumet
 10473 | Lair:1   | Offered knowledge of Flame Tongue by Vehumet.
 10479 | Lair:1   | Learned a level 1 spell: Flame Tongue
 10631 | Lair:1   | Reached skill level 1 in Fire Magic
 10631 | Lair:1   | Reached XP level 11. HP: 66/66 MP: 17/24
 10682 | Lair:1   | Noticed a four-headed hydra
 10693 | Lair:1   | Noticed tijit's ghost (journeyman TeFE)
 10693 | Lair:1   | Killed a four-headed hydra
 10699 | Lair:1   | Killed tijit's ghost
 11076 | Lair:1   | HP: 3/67 [yak (14)]
 11636 | Lair:1   | Reached skill level 10 in Conjurations
 11744 | Lair:1   | Offered knowledge of Static Discharge by Vehumet.
 12019 | Lair:2   | Reached *** piety under Vehumet
 12105 | Lair:2   | Reached skill level 10 in Spellcasting
 12886 | Lair:3   | Offered knowledge of Mephitic Cloud by Vehumet.
 12891 | Lair:3   | Found a staircase to the Snake Pit.
 12906 | Lair:3   | Noticed a five-headed hydra
 12912 | Lair:3   | Killed a five-headed hydra
 12912 | Lair:3   | Reached skill level 5 in Fire Magic
 13026 | Lair:3   | Reached XP level 12. HP: 10/73 MP: 3/26
 13435 | Lair:3   | Noticed a catoblepas
 13437 | Lair:3   | Killed a catoblepas
 13725 | Lair:3   | Reached **** piety under Vehumet
 13982 | Lair:3   | Got a scorched trident
 13983 | Lair:3   | Identified the +7 trident of Sutuh {elec, rElec MP-9 Dex+3} (You found it on level 3 of the Lair of Beasts)
 14337 | Lair:3   | Offered knowledge of Conjure Flame by Vehumet.
 15082 | Lair:4   | Noticed a four-headed hydra
 15087 | Lair:4   | Killed a four-headed hydra
 15347 | Lair:4   | Reached skill level 11 in Conjurations
 15714 | Lair:5   | Reached ***** piety under Vehumet
 15719 | Lair:5   | Offered knowledge of Spellforged Servitor by Vehumet.
 15822 | Lair:5   | Noticed a seven-headed hydra
 15830 | Lair:5   | Killed a seven-headed hydra
 16051 | Lair:5   | Found a staircase to the Shoals.
 16181 | Lair:5   | Noticed a five-headed hydra
 16185 | Lair:5   | Killed a five-headed hydra
 16185 | Lair:5   | Reached XP level 13. HP: 79/79 MP: 16/27
 16378 | Lair:5   | Reached skill level 10 in Fire Magic
 16747 | Lair:5   | Noticed a death yak
 16758 | Lair:5   | Killed a death yak
 17348 | Lair:5   | Lost mutation: Your flesh is cold resistant. [potion of cure mutation]
 17348 | Lair:5   | Lost mutation: You are frail (-10% HP). [potion of cure mutation]
 17348 | Lair:5   | Lost mutation: You are partially covered in large bone plates (AC +2, SH +2). [potion of cure mutation]
 17348 | Lair:5   | Lost mutation: You possess an exceptional clarity of mind. [potion of cure mutation]
 17464 | Lair:6   | Reached skill level 12 in Conjurations
 17493 | Lair:6   | Found a labyrinth entrance.
 17502 | Lab      | Entered a labyrinth
 17947 | Lab      | Noticed a minotaur
 17966 | Lab      | Killed a minotaur
 17971 | Lab      | Got a steaming garnet amulet
 17972 | Lab      | Got a steaming blowgun
 17994 | Lab      | Identified the amulet "Gaschoox" {rCorr rElec} (You found it in a labyrinth)
 17995 | Lab      | Identified the +6 blowgun of the Five Lies {speed, MR+ Str+4 Stlth+} (You found it in a labyrinth)
 19230 | Lair:6   | Found a staircase to the Slime Pits.
 19881 | Lair:7   | Offered knowledge of Bolt of Draining by Vehumet.
 19905 | Lair:7   | Learned a level 5 spell: Bolt of Draining
 19952 | Lair:7   | You fall through a shaft!
 19952 | Lair:8   | Entered Level 8 of the Lair of Beasts
 20119 | Lair:7   | Reached XP level 14. HP: 84/94 MP: 1/28
 20687 | Lair:7   | Reached skill level 13 in Fire Magic
 22289 | Lair:8   | Reached skill level 14 in Fire Magic
 22387 | Lair:8   | Offered knowledge of Bolt of Magma by Vehumet.
 22529 | Lair:7   | Identified a scroll of acquirement
 24185 | D:10     | Entered Level 10 of the Dungeon
 24209 | D:10     | Offered knowledge of Fireball by Vehumet.
 24229 | D:9      | Learned a level 5 spell: Fireball
 24341 | D:10     | Found a staircase to the Orcish Mines.
 24404 | D:10     | Reached skill level 1 in Shields
 25218 | Orc:1    | Entered Level 1 of the Orcish Mines
 25721 | Orc:1    | Found Ipsikh's Magic Scroll Shop.
 25897 | Orc:1    | Bought a scroll of identify for 28 gold pieces
 25897 | Orc:1    | Bought a scroll of identify for 28 gold pieces
 25923 | Orc:1    | Found Laufyor's Distillery.
 25934 | Orc:1    | Bought a potion of magic for 104 gold pieces
 25934 | Orc:1    | Bought a potion of curing for 39 gold pieces
 26000 | Orc:1    | Found Riuhoen's Book Emporium.
 26179 | Orc:3    | Found a roughly hewn altar of Beogh.
 26716 | Orc:3    | Offered knowledge of Iron Shot by Vehumet.
 26860 | Orc:3    | Reached XP level 15. HP: 99/99 MP: 5/29
 27254 | Orc:4    | Entered Level 4 of the Orcish Mines
 27378 | Orc:4    | Found a staircase to the Elven Halls.
 27436 | Orc:4    | Found Hejitem's Antique Armour Shoppe.
 27445 | Orc:4    | Bought a glowing buckler for 139 gold pieces
 27472 | Orc:4    | Found Pashaal's Assorted Antiques.
 27487 | Orc:4    | Bought a scroll of magic mapping for 133 gold pieces
 27487 | Orc:4    | Bought a small cabochon ring for 190 gold pieces
 27487 | Orc:4    | Bought a gold wand for 152 gold pieces
 27487 | Orc:4    | Bought a scroll of magic mapping for 133 gold pieces
 27712 | Orc:4    | Found Kiofijo's Antique Armour Shoppe.
 27985 | Orc:4    | Offered knowledge of Conjure Ball Lightning by Vehumet.
 27991 | Orc:4    | Reached skill level 5 in Shields
 27992 | Orc:4    | Reached skill level 15 in Fire Magic
 28230 | Orc:2    | Found Uxucw's Distillery.
 28256 | Orc:2    | Bought a potion of curing for 33 gold pieces
 28525 | Orc:3    | Mangled by an ogre

Action                   |  1- 3 |  4- 6 |  7- 9 | 10-12 | 13-15 || total
-------------------------+-------+-------+-------+-------+-------++-------
Melee: Unarmed           |    14 |       |       |       |       ||    14
       Dagger            |    33 |    56 |   265 |    69 |    86 ||   509
       Staff             |       |       |       |       |     7 ||     7
 Cast: Magic Dart        |    25 |    50 |   163 |   425 |   445 ||  1108
       Iskenderun's Myst |       |     6 |    15 |    72 |   214 ||   307
       Iskenderun's Batt |       |       |     1 |    77 |   119 ||   197
       Bolt of Draining  |       |       |       |       |    55 ||    55
       Fireball          |       |       |       |       |    35 ||    35
Evoke: Wand              |       |       |       |     3 |     9 ||    12
  Use: Potion            |       |     7 |     1 |     3 |     2 ||    13
       Scroll            |       |       |     9 |    16 |    13 ||    38
 Stab: Sleeping          |     3 |     9 |    11 |       |     1 ||    24
  Eat: Chunk             |     1 |    16 |    14 |    32 |    71 ||   134
       Beef jerky        |       |       |     3 |     4 |     1 ||     8
       Pizza             |       |       |       |     1 |       ||     1
       Royal jelly       |       |       |       |     1 |     1 ||     2
